 Dungeon Crawl Stone Soup version 0.29-a0-222-g5b244fca1f (webtiles) character file.

Game seed: 11624698265448202575

11711 tognito the Cleaver (level 11, -7/99 HPs)
             Began as a Minotaur Berserker on Feb 27, 2022.
             Was an Elder of Trog.
             Mangled by a boulder beetle (14 damage)
             ... on level 12 of the Dungeon.
             The game lasted 00:22:56 (13118 turns).

tognito the Cleaver (Minotaur Berserker)           Turns: 13118, Time: 00:22:57

Health: -7/99      AC: 18    Str: 26    XL:     11   Next: 52%
Magic:  10/10      EV: 11    Int:  4    God:    Trog [****..]
Gold:   844        SH:  0    Dex: 10    Spells: 10/10 levels left

rFire   . . .      SeeInvis +   a - +0 battleaxe
rCold   . . .      Faith    .   (shield currently unavailable)
rNeg    + . .      Spirit   .   G - +6 chain mail of Goaqirch {-Tele rN+ Slay+4 SInv}
rPois   .          Reflect  .   (helmet restricted)
rElec   .          Harm     .   B - +2 cloak
rCorr   .          Rampage  .   d - +0 pair of gloves
Will    .....      NoTele   +   (no boots)
Stlth   ..........              (no amulet)
HPRegen 0.26/turn               (no ring)
MPRegen 0.12/turn               (no ring)

@: no status effects
A: horns 2, retaliatory headbutt, deformed body
a: Renounce Religion, Berserk, Trog's Hand, Brothers in Arms


You were on level 12 of the Dungeon.
You worshipped Trog.
Trog was greatly pleased with you.
You visited 1 branch of the dungeon, and saw 12 of its levels.

You collected 844 gold pieces.

Inventory:

Hand Weapons
 a - a +0 battleaxe (weapon)
 b - the +3 mace "Adakh" {vorpal, Fragile Str+9 Dex+3}
   (You found it on level 3 of the Dungeon)

   It inflicts extra damage upon your enemies.
   Str:       It affects your strength (+9).
   Dex:       It affects your dexterity (+3).
   Fragile:   It will be destroyed if unequipped.
 t - the +8 great sword of Lust {freeze, SInv}
   (You found it on level 6 of the Dungeon)

   It freezes those it strikes, dealing additional cold damage.
   It can also slow down cold-blooded creatures.
   SInv:      It lets you see invisible.
Missiles
 c - 4 boomerangs
 f - 5 javelins
 g - 30 poisoned darts
 r - 2 silver boomerangs (quivered)
 s - 2 curare-tipped darts
 L - 4 atropa-tipped darts
Armour
 d - a +0 pair of gloves (worn)
 i - a +0 crystal plate armour
 m - a scarf of repulsion
 z - a scarf of repulsion
 B - a +2 cloak (worn)
 G - the +6 chain mail of Goaqirch (worn) {-Tele rN+ Slay+4 SInv}
   (You found it on level 11 of the Dungeon)

   Slay:      It affects your accuracy & damage with ranged weapons and melee
   (+4).
   rN:        It protects you from negative energy.
   SInv:      It lets you see invisible.
   -Tele:     It prevents most forms of teleportation.
Jewellery
 j - an amulet of guardian spirit
 q - a +4 ring of protection
 w - an amulet of magic regeneration
 H - a ring of protection from cold
 J - a ring of magical power
Wands
 e - a wand of iceblast (1)
 l - a wand of charming (12)
 u - a wand of flame (77)
 F - a wand of paralysis (5)
 I - a wand of digging (3)
Scrolls
 h - 4 scrolls of teleportation
 k - 2 scrolls of enchant armour
 n - a scroll of fog
 o - 2 scrolls of blinking
 v - a scroll of acquirement
 x - a scroll of fear
 y - a scroll of silence
 C - 3 scrolls of magic mapping
 E - a scroll of identify
 K - a scroll of summoning {unknown}
Potions
 p - 4 potions of curing
 D - 2 potions of heal wounds
Miscellaneous
 A - a box of beasts (inert)
 M - a piece from Xom's chessboard (15/15)


   Skills:
 + Level 9.8 Fighting
 * Level 13.2 Axes
 + Level 7.6 Throwing
 + Level 9.3 Armour
 + Level 8.6 Dodging


You had 10 spell levels left.
You didn't know any spells.
Your spell library was empty.

Dungeon Overview and Level Annotations

Branches:
Dungeon (12/15)            Temple (0/1) D:7            Lair (0/6) D:10
    Orc: D:9-12

Altars:
Cheibriados
Dithmenos
Gozag
Hepliaklqana
Kikubaaqudgha
Ru
Yredelemnul
The Shining One

Shops:
D:1 *   D:11 !


Innate Abilities, Weirdness & Mutations

You have a pair of horns on your head.
You reflexively headbutt those who attack you in melee.
Armour fits poorly on your strangely shaped body.


Message History

The boulder beetle is lightly wounded.
Throw: 32 darts (poison)
Press: ? - help, Q - select action, (/) - cycle Shift-Dir - straight line, f/p - boulder beetle
Aim: a boulder beetle (lightly wounded, extremely poisoned, 91% to hit)
You throw a poisoned dart.
The poisoned dart hits the boulder beetle!
The boulder beetle looks as sick as possible!
The boulder beetle is lightly wounded.
Throw: 31 darts (poison)
Press: ? - help, Q - select action, (/) - cycle Shift-Dir - straight line, f/p - boulder beetle
Aim: a boulder beetle (moderately wounded, extremely poisoned, 91% to hit)
You throw a poisoned dart.
The poisoned dart hits the boulder beetle!
The boulder beetle looks as sick as possible!
The boulder beetle is moderately wounded.
Throw: 2 boomerangs (silver)
Press: ? - help, Q - select action, (/) - cycle Shift-Dir - straight line, f/p - boulder beetle
Aim: a boulder beetle (moderately wounded, extremely poisoned, 91% to hit)
You throw a silver boomerang.
The silver boomerang hits the boulder beetle.
The boulder beetle is moderately wounded.
The boulder beetle curls into a ball and begins rolling!
Throw: 2 boomerangs (silver)
Press: ? - help, Q - select action, (/) - cycle Shift-Dir - straight line, f/p - boulder beetle
Aim: a boulder beetle (heavily wounded, rolling, extremely poisoned, 91% to hit)
You throw a silver boomerang.
The silver boomerang hits the boulder beetle but does no damage.
The boulder beetle is heavily wounded.
You slash the boulder beetle!
Your headbutt misses the boulder beetle.
The boulder beetle is severely wounded.
The boulder beetle hits you!!!
Ouch! That really hurt!
* * * LOW HITPOINT WARNING * * *
The boulder beetle stops rolling and uncurls.
You hit the boulder beetle but do no damage.
You headbutt the boulder beetle, but do no damage.
The boulder beetle is severely wounded.
The boulder beetle bites you!
You die...

#...#####...#
#######..........:#
.....(...........#
...(............#
#.(............#
#.°......#######
#.°......# ○
#.B......# .○.
#.@####..#
..°°.########..#
####
.........°°....#
............####
#############


You could see a boulder beetle (extremely poisoned).

Vanquished Creatures
  A centaur warrior (D:9)
  A two-headed ogre (D:10)
  2 cyclopes (D:11)
  A manticore (D:11)
  Maurice (D:9)
  2 centaur zombies (D:10)
  2 komodo dragons (D:10)
  A kobold demonologist (D:5)
  4 trolls
  A meliai zombie (D:10)
  Sigmund (D:6)
  A shadow (D:11)
  3 wyverns
  5 yaks (D:9)
  A vampire (D:10)
  Eustachio (D:5)
  A steam dragon (D:9)
  5 vampire mosquitoes
  2 acid dragons
  Duvessa (D:6)
  2 water moccasins
  3 sky beasts
  An orc warrior (D:7)
  3 black bears
  5 ogres
  6 necrophages
  3 centaurs
  A phantom (D:7)
  2 kobold brigands
  3 gnoll sergeants
  3 scorpions
  Dowan (D:6)
  5 killer bees (D:9)
  7 wights
  3 howler monkeys (D:9)
  A jelly (D:5)
  2 orc priests
  6 iguanas
  An orc wizard (D:9)
  A mummy (D:10)
  10 gnolls
  6 adders
  A shadow imp (D:7)
  2 white imps (D:8)
  4 worms
  2 dart slugs
  27 orcs
  7 endoplasms
  A giant cockroach (D:3)
  10 goblins
  7 hobgoblins
  4 jackals (D:2)
  20 kobolds
  7 quokkas
  8 ball pythons
  6 bats
  3 frilled lizards
  6 rats
227 creatures vanquished.

Vanquished Creatures (others)
  A yak (D:9)
  16 plants
  A withered plant (D:10)
18 creatures vanquished.

Grand Total: 245 creatures vanquished

Notes
Turn   | Place    | Note
-------+----------+-------------------------------------------
     0 | D:1      | tognito the Minotaur Berserker began the quest for the Orb.
     0 | D:1      | Reached XP level 1. HP: 19/19 MP: 0/0
   196 | D:1      | Found Geagg's Assorted Antiques.
   279 | D:1      | Reached XP level 2. HP: 19/27 MP: 1/1
   571 | D:1      | Reached skill level 4 in Axes
  1052 | D:2      | Reached XP level 3. HP: 33/33 MP: 2/2
  1064 | D:2      | Reached skill level 1 in Throwing
  1363 | D:2      | Reached ** piety under Trog
  1371 | D:2      | Found a faded altar of an unknown god.
  1431 | D:2      | Reached XP level 4. HP: 26/40 MP: 3/3
  1577 | D:2      | Gained mutation: Armour fits poorly on your strangely
                  | shaped body. [potion of mutation]
  1626 | D:2      | Found a hazy altar of Hepliaklqana.
  2026 | D:3      | Noticed an ogre
  2036 | D:3      | Killed an ogre
  2037 | D:3      | Reached skill level 5 in Axes
  2037 | D:3      | Reached XP level 5. HP: 10/47 MP: 4/4
  2370 | D:3      | Identified the +3 mace "Adakh" {vorpal, Fragile Str+9
                  | Dex+3}
  2884 | D:4      | Noticed an ogre
  2985 | D:4      | Killed an ogre
  2986 | D:4      | Reached XP level 6. HP: 44/55 MP: 5/5
  3159 | D:4      | Reached *** piety under Trog
  3493 | D:5      | Entered Level 5 of the Dungeon
  3500 | D:5      | Reached skill level 5 in Fighting
  3502 | D:5      | Reached skill level 6 in Axes
  3916 | D:5      | Reached XP level 7. HP: 34/61 MP: 6/6
  4267 | D:5      | Reached skill level 7 in Axes
  4605 | D:5      | HP: 3/62 [gnoll sergeant/+1 vorpal spear (4)]
  4926 | D:5      | Noticed a kobold demonologist
  4928 | D:5      | Noticed an orange demon
  4937 | D:5      | Killed a kobold demonologist
  4938 | D:5      | Reached skill level 5 in Armour
  4938 | D:5      | Reached XP level 8. HP: 70/70 MP: 7/7
  4947 | D:5      | Noticed Eustachio
  5330 | D:5      | Reached skill level 5 in Dodging
  5345 | D:5      | Killed Eustachio
  5346 | D:5      | Reached skill level 8 in Axes
  5633 | D:5      | Found an ancient bone altar of Kikubaaqudgha.
  5635 | D:5      | Found a hazy altar of Hepliaklqana.
  5667 | D:6      | Found an opulent altar of Gozag.
  6165 | D:6      | Reached XP level 9. HP: 37/78 MP: 8/8
  6399 | D:6      | Identified the +8 great sword of Lust {freeze, SInv}
  6402 | D:6      | Noticed Dowan
  6403 | D:6      | Noticed Duvessa
  6414 | D:6      | Killed Duvessa
  6415 | D:6      | Reached skill level 9 in Axes
  6416 | D:6      | Killed Dowan
  6480 | D:6      | Noticed Sigmund
  6493 | D:6      | Killed Sigmund
  6574 | D:6      | Identified a scroll of acquirement
  6707 | D:6      | Found a snail-covered altar of Cheibriados.
  6930 | D:7      | Reached skill level 5 in Throwing
  7605 | D:7      | Found a staircase to the Ecumenical Temple.
  7916 | D:8      | Found a basalt altar of Yredelemnul.
  7926 | D:8      | Reached **** piety under Trog
  7928 | D:8      | Reached skill level 10 in Axes
  9103 | D:9      | Noticed Maurice
  9107 | D:9      | Noticed a troll
  9115 | D:9      | Noticed a troll
  9120 | D:9      | Killed Maurice
  9121 | D:9      | Reached XP level 10. HP: 72/88 MP: 9/9
  9123 | D:9      | Noticed a centaur warrior
  9129 | D:9      | Reached skill level 11 in Axes
  9132 | D:9      | Killed a centaur warrior
 10330 | D:9      | Found a glowing golden altar of the Shining One.
 10612 | D:10     | Entered Level 10 of the Dungeon
 10887 | D:10     | Noticed a two-headed ogre
 10904 | D:10     | Killed a two-headed ogre
 10905 | D:10     | Reached skill level 12 in Axes
 10918 | D:10     | Reached XP level 11. HP: 97/97 MP: 10/10
 11604 | D:10     | Found a staircase to the Lair.
 11824 | D:10     | Found a sacrificial altar of Ru.
 11824 | D:10     | Found a shadowy altar of Dithmenos.
 12010 | D:11     | Identified the +6 chain mail of Goaqirch {-Tele rN+ Slay+4
                  | SInv}
 12039 | D:11     | Identified the +1 robe of Vanity {rF- rC++ Str+2}
 12097 | D:11     | Found Hiritwy's Distillery.
 12280 | D:11     | Reached skill level 13 in Axes
 13099 | D:12     | Noticed a boulder beetle
 13118 | D:12     | Mangled by a boulder beetle

Illustrated notes

Levels and vault maps discovered:
D:1:      dpeg_arrival_erosion, layout_loops_ring, serial_shops,
          nicolae_shop_hallway_plus, serial_bayou, serial_bayou_ford_a,
          serial_bayou_pond_d, serial_bayou_pond_e, serial_bayou_lagoon_a,
          chequers_serial_rivers_micro_b
D:2:      layout_rooms, basic_altar, hellmonk_ecumenical_altar_blasted
D:3:      layout_loops_cross, chequers_mini_garden
D:4:      layout_loops_ring
D:5:      layout_loops_ring, minitemple, serial_bayou_pond_d,
          hangedman_decor_peaks_small, uniq_eustachio
D:6:      layout_rooms, slow_altar_2,
          nicolae_gozag_cash_rules_everything_around_me, uniq_duvessa,
          uniq_sigmund
D:7:      layout_rooms, minmay_temple_entry_nine_rooms
D:8:      layout_basic, mainiacjoe_overflow_brackets, serial_rivers,
          chequers_serial_rivers_small_a, chequers_serial_rivers_room_b,
          chequers_serial_rivers_micro_c, chequers_serial_rivers_micro_a,
          minivault_5
D:9:      layout_big_octagon, mainiacjoe_overflow_small_starburst, uniq_maurice
D:10:     layout_loops_ring, gammafunk_temple_overflow_wave,
          david_lair_shrubbed, serial_undead, serial_undead_d, serial_undead_d,
          serial_undead_a, serial_undead_f
D:11:     layout_irregular_city, serial_shops, nicolae_square_shop
D:12:     cheibrodos_breeding_chamber, layout_irregular_city, orc_0_dummy,
          small_chamber_with_monster, uniq_kirke, uniq_erolcha

Skill      XL: |  1  2  3  4  5  6  7  8  9 10 11 |
---------------+----------------------------------+-----
Axes           | 4 5 6 7 8 10 12 13 | 13.2
Fighting       | 4 5 6 8 9 |  9.8
Throwing       | 1 2 3 4 5 6 7 |  7.6
Armour         | 3 4 5 6 7 8 9 |  9.3
Dodging        | 3 4 5 6 7 8 |  8.6

Action                   |  1- 3 |  4- 6 |  7- 9 | 10-12 || total
-------------------------+-------+-------+-------+-------++-------
Melee: Hand axe          |   111 |    27 |       |       ||   138
       Headbutt          |    13 |    19 |    39 |    34 ||   105
       War axe           |       |    79 |   169 |       ||   248
       Punch             |       |     3 |     1 |       ||     4
       Battleaxe         |       |       |    51 |   153 ||   204
Throw: Dart              |       |    10 |    18 |     8 ||    36
       Boomerang         |       |     4 |    45 |     8 ||    57
Invok: Berserk           |       |     2 |     8 |     4 ||    14
       Trog's Hand       |       |       |     1 |       ||     1
Evoke: Wand              |       |       |     2 |     1 ||     3
       Box of beasts     |       |       |     1 |       ||     1
  Use: Potion            |     2 |     5 |     2 |       ||     9
       Scroll            |       |       |     9 |     3 ||    12
Armor: Plate armour      |    70 |       |       |       ||    70
       Crystal plate arm |     4 |    64 |   194 |    91 ||   353
       Chain mail        |       |       |       |    23 ||    23
Dodge: Dodged            |    36 |    17 |    69 |   100 ||   222
       Repelled          |       |       |     1 |       ||     1

Table legend: (Time is in decaauts)
 A = Elapsed time spent in this place.
 B = Non-inter-level travel time spent in this place.
 C = Inter-level travel time spent in this place.
 D = Time resting spent in this place.
 E = Time spent auto-exploring this place.
 F = Levels seen in this place.
 G = Mean time per level.
                   A        B        C        D        E       F      G
               +--------+--------+--------+--------+--------+-----+--------+
         Total |  13335 |  12938 |    397 |     34 |  10995 |  12 | 1111.2 |
       Dungeon |  13335 |  12938 |    397 |     34 |  10995 |  12 | 1111.2 |
               +--------+--------+--------+--------+--------+-----+--------+

Top non-repeatable levels by time:
     D:8: 1851 daAuts
     D:5: 1748 daAuts
    D:10: 1413 daAuts
     D:4: 1218 daAuts
     D:6: 1145 daAuts
     D:7: 1075 daAuts
     D:1: 1069 daAuts
     D:3: 1018 daAuts
    D:11: 969 daAuts
     D:9: 963 daAuts
     D:2: 717 daAuts
    D:12: 145 daAuts
